 Dungeon Crawl Stone Soup version 0.29.1-2-gbd0b4ee654 (webtiles) character file.

Game seed: 13327895595737837223

152 xian the Chiller (level 5, -2/36 HPs)
             Began as a Demonspawn Ice Elementalist on Nov 27, 2022.
             Slain by a white imp (4 damage)
             ... on level 4 of the Dungeon.
             The game lasted 00:05:24 (2796 turns).

xian the Chiller (Demonspawn Ice Elementalist)      Turns: 2796, Time: 00:05:25

Health: -2/36      AC:  2    Str:  9    XL:     5   Next: 11%
Magic:  8/10       EV: 12    Int: 18    God:
Gold:   137        SH:  0    Dex: 13    Spells: 3/10 levels left

rFire   . . .      SeeInvis .   d - +1 dagger
rCold   . . .      Faith    .   (no shield)
rNeg    . . .      Spirit   .   a - +0 robe
rPois   .          Reflect  .   (no helmet)
rElec   .          Harm     .   (no cloak)
rCorr   .          Rampage  .   (no gloves)
Will    .....                   (no boots)
Stlth   ++........              (no amulet)
HPRegen 0.12/turn               (no ring)
MPRegen 0.12/turn               (no ring)

@: flying
A: foul stench 1, powered by pain 1
a: no special abilities


You were on level 4 of the Dungeon.
You visited 1 branch of the dungeon, and saw 4 of its levels.

You collected 137 gold pieces.

Inventory:

Hand Weapons
 d - a +1 dagger (weapon)
Armour
 a - a +0 robe (worn)
 k - a +0 chain mail
Scrolls
 g - 2 scrolls of teleportation
 l - a scroll of blinking
 n - 2 scrolls of enchant weapon
 p - 3 scrolls of identify
Potions
 b - a potion of magic
 c - a potion of degeneration {unknown}
 e - a potion of invisibility {unknown}
 h - a potion of attraction {unknown}
 i - a potion of resistance {unknown}
 j - a potion of haste {unknown}
 m - a potion of flight
 o - a potion of curing {unknown}
 q - a potion of brilliance {unknown}


   Skills:
 + Level 0.6 Fighting
 + Level 2.0 Dodging
 + Level 2.2 Stealth
 + Level 3.3 Spellcasting
 + Level 4.7 Ice Magic


You had 3 spell levels left.
You knew the following spells:

 Your Spells              Type           Power      Damage    Failure   Level
a - Freeze                Ice            80%        1d9       2%          1
b - Frozen Ramparts       Ice            40%        1d7       7%          3
c - Ozocubu's Armour      Ice            20%        N/A       7%          3

Your spell library contained the following spells:

 Spells                   Type           Power      Damage    Failure   Level
 Confusing Touch          Hex            3%         N/A       43%         3
 Hailstorm                Conj/Ice       11%        3d5       52%         4
 Yara's Violent Unravell  Hex/Tmut       1%         3d3       99%         5
 Enfeeble                 Hex            1%         N/A       100%        7


Dungeon Overview and Level Annotations

Branches:
Dungeon (4/15)
 Temple: D:4-7

Altars:

Shops:
D:1 :


Innate Abilities, Weirdness & Mutations

You may rarely emit foul miasma when damaged in melee.
You sometimes gain a little power by taking damage.


Message History

You hit the white imp but do no damage.
The white imp is heavily wounded.
The white imp closely misses you.
You hit the white imp but do no damage.
The white imp is heavily wounded.
The white imp closely misses you.
You hit the white imp but do no damage.
The white imp is heavily wounded.
The white imp gestures at you. The puff of frost hits you!
You hit the white imp.
The white imp is heavily wounded.
The white imp closely misses you.
You hit the white imp.
The white imp is severely wounded.
The white imp hits you. The white imp freezes you.
Unknown command.
You closely miss the white imp.
The white imp is severely wounded.
The white imp hits you but does no damage.
You hit the white imp but do no damage.
The white imp is heavily wounded.
The white imp gestures at you. The puff of frost hits you!
* * * LOW HITPOINT WARNING * * *
You hit the white imp.
The white imp is severely wounded.
The white imp shouts, "Decamp, thou unhinged fool-born buzzard-bait!"
The white imp gestures at you. The puff of frost misses you.
You closely miss the white imp.
The white imp is severely wounded.
The white imp closely misses you.
Unknown command.
You closely miss the white imp.
The white imp is severely wounded.
The white imp hits you.
* * * LOW HITPOINT WARNING * * *
The white imp freezes you.
You die...

.....##.#...#.#### #.#
.................# #.#
....###.###...##.# #.#
......)†.........# #.#
....###.#...#....## #.#
.. #.#.#.#.....#
#.###### #<....#)#...#
#.......
#####.#5#.J.######...###
..#@#......###...#
#.###..........##
..###..K........#
#...............#.##
+..................#
#......##...........
#...... #..........#
#...... #..........#
#...... #..........#


You could see a white imp.

Vanquished Creatures
  A jelly (D:4)
  An orc priest (D:3)
  4 adders
  3 worms
  A dart slug (D:1)
  4 orcs (D:3)
  3 ball pythons
  A bat (D:2)
  2 endoplasms
  A giant cockroach (D:2)
  2 goblins
  2 hobgoblins
  4 jackals
  5 kobolds
  2 quokkas
  A frilled lizard (D:1)
  3 rats
40 creatures vanquished.

Notes
Turn   | Place    | Note
-------+----------+-------------------------------------------
     0 | D:1      | xian the Demonspawn Ice Elementalist began the quest for
                  | the Orb.
     0 | D:1      | Reached XP level 1. HP: 13/13 MP: 3/3
   151 | D:1      | Gained mutation: You sometimes gain a little power by
                  | taking damage. [demonic ancestry]
   151 | D:1      | Reached XP level 2. HP: 19/19 MP: 3/5
   243 | D:1      | Found Fahem's Book Shop.
   304 | D:1      | Found a faded altar of an unknown god.
   438 | D:1      | You fall into a shaft and drop 1 floor!
   462 | D:2      | Reached skill level 4 in Ice Magic
   596 | D:2      | Reached XP level 3. HP: 16/24 MP: 0/6
   814 | D:2      | Learned a level 3 spell: Frozen Ramparts
  1751 | D:3      | Gained mutation: You may rarely emit foul miasma when
                  | damaged in melee. [demonic ancestry]
  1751 | D:3      | Reached XP level 4. HP: 21/30 MP: 3/8
  2677 | D:4      | Reached XP level 5. HP: 28/36 MP: 3/10
  2681 | D:4      | Learned a level 3 spell: Ozocubu's Armour
  2780 | D:4      | HP: 1/36 [white imp/puff of frost (6)]
  2796 | D:4      | Slain by a white imp

Illustrated notes

Levels and vault maps discovered:
D:1:      sevenhm_arrival_forest_fort_small_6, layout_rooms, serial_shops,
          shop_statue, chequers_ecumenical_altar_twisty
D:2:      layout_rooms, minmay_misc_feat_encased
D:3:      layout_rooms
D:4:      layout_basic

Skill      XL: |  1  2  3  4 |
---------------+-------------+-----
Stealth        | 2 |  2.2
Ice Magic      | 4 |  4.7
Dodging        | 2 |  2.0
Spellcasting   | 3 |  3.3
Fighting       | |  0.6

Action                   |  1- 3 |  4- 6 || total
-------------------------+-------+-------++-------
Melee: Dagger            |    25 |    20 ||    45
 Cast: Freeze            |    32 |    19 ||    51
       Frozen Ramparts   |     1 |     3 ||     4
  Use: Scroll            |     3 |       ||     3
       Potion            |       |     2 ||     2
 Stab: Sleeping          |     2 |       ||     2
Armor: Robe              |     9 |     4 ||    13
Dodge: Dodged            |    31 |    23 ||    54
